 Dungeon Crawl Stone Soup version 0.18-a0-1435-gee79d65 (webtiles) character file.

9234 gorblad the Nimble (level 11, -3/95 HPs)
             Began as a Minotaur Fighter on Feb 28, 2016.
             Killed by the air
             ... invoked by Gastronok
              (25 damage)
             ... on level 1 of the Lair of Beasts.
             The game lasted 00:21:49 (9886 turns).

gorblad the Nimble (Minotaur Fighter)               Turns: 9886, Time: 00:21:49

Health: -3/95      AC: 20    Str: 23    XL:     11   Next: 20%
Magic:  10/10      EV: 20    Int:  5    God:
Gold:   152        SH: 13    Dex: 17    Spells: 0 memorised, 10 levels left

rFire  . . .     SeeInvis .     a - +2 war axe
rCold  x . .     Gourm    .     r - +2 chain mail {rN+}
rNeg   + . .     Faith    .     c - +0 shield
rPois  .         Spirit   .     G - +2 hat
rElec  .         Dismiss  .     N - +0 cloak "Xuesass" {rC- rCorr Str-2 Stlth+}
rCorr  +         Reflect  .     K - +0 pair of gloves
SustAt .         Harm     .     x - +0 pair of boots
MR     .....                    i - amulet of regeneration
Stlth  ++........               y - +3 ring of dexterity
                                l - ring of stealth

@: agile, very slightly contaminated, hasted, very quick, not resistant to
hostile enchantments, unstealthy
A: retaliatory headbutt, horns 2
a: no special abilities


You were on level 1 of the Lair of Beasts.
You were not hungry.

You visited 2 branches of the dungeon, and saw 11 of its levels.

You collected 561 gold pieces.
You spent 409 gold pieces at shops.

Inventory:

Hand Weapons
 a - a +2 war axe (weapon)
Armour
 c - a +0 shield (worn)
 r - a +2 chain mail of positive energy (worn)
 x - a +0 pair of boots (worn)
 G - a +2 hat (worn)
 K - a +0 pair of gloves (worn)
 N - the +0 cloak "Xuesass" (worn) {rC- rCorr Str-2 Stlth+}
   (You bought it in a shop on level 8 of the Dungeon)

   It affects your strength (-2).
   It makes you vulnerable to cold.
   It protects you from acid and corrosion.
   It makes you more stealthy.
Jewellery
 i - an amulet of regeneration (around neck)
 l - a ring of stealth (left hand)
 y - a +3 ring of dexterity (right hand)
 z - an uncursed ring of sustain attributes {unknown}
 L - a +5 ring of protection {unknown}
Wands
 j - a wand of confusion (48/48)
 t - a wand of lightning (10/15)
 B - a wand of teleportation (1/9)
 E - a wand of random effects (22/48)
 H - a wand of digging (10/24)
Scrolls
 e - a scroll of fear
 g - a scroll of immolation
 h - a scroll of identify
 k - a scroll of remove curse
 p - a scroll of fog
 q - 4 scrolls of teleportation
 A - a scroll of blinking
 D - a scroll of recharging
 J - 2 scrolls of magic mapping
 M - a scroll of amnesia
Potions
 n - 4 potions of flight
 u - 2 potions of lignification
 F - a potion of resistance
 I - 2 potions of heal wounds {unknown}
Books
 b - a book of Callings

   Spells                             Type                      Level
   a - Summon Small Mammal            Summoning                    1
   b - Call Imp                       Summoning                    2
   c - Call Canine Familiar           Summoning                    3
   d - Summon Guardian Golem          Hexes/Summoning              3
   e - Summon Lightning Spire         Summoning/Air                4
   f - Summon Ice Beast               Ice/Summoning                4
 O - a book of Beasts

   Spells                             Type                      Level
   a - Summon Butterflies             Summoning                    1
   b - Call Canine Familiar           Summoning                    3
   c - Summon Ice Beast               Ice/Summoning                4
   d - Summon Mana Viper              Hexes/Summoning              5
   e - Summon Hydra                   Summoning                    7
Comestibles
 d - a chunk of flesh
 f - 8 bread rations
 o - 6 fruits
 s - 5 meat rations
 v - a royal jelly
 w - 3 beef jerkies
 C - 6 slices of pizza


   Skills:
 + Level 8.5 Fighting
 + Level 7.8 Axes
 + Level 11.1 Armour
 + Level 11.5 Dodging
 + Level 11.0 Shields


You had 10 spell levels left.
You didn't know any spells.

Dungeon Overview and Level Annotations

Branches:
Dungeon (10/15)            Temple (0/1) D:7            Lair (1/8) D:10
    Orc: D:9-12

Altars:
Ashenzari
Cheibriados
Fedhas
Makhleb
Okawaru
Pakellas
Vehumet
Xom

Shops:
D:7 ?   D:8 [

Annotations:
Lair:1 Gastronok


Innate Abilities, Weirdness & Mutations

You reflexively headbutt those who attack you in melee.
You have a pair of horns on your head.


Message History

The yak is almost dead.
You block Gastronok's attack.
You slash Gastronok!
Gastronok is severely wounded.
You hit the yak but do no damage. You hit the yak.
You kill the yak!
Your Shields skill increases to level 11!
You hit the yak.
The yak is moderately wounded.
The yak closely misses you. You block the yak's attack.
Unknown command.
You hit Gastronok.
Gastronok is severely wounded.
You hit the yak but do no damage. You slash the yak!
The yak is severely wounded.
You block the yak's attack. The yak barely misses you. You furiously retaliate!
You headbutt the yak.
Gastronok waves his eye-stalks in wide circles.
The air twists around and strikes you!
You die...

.......# ##....#
.......# #......###
........ .........##
...#...#
..........##..##...#
..............##...#
.............##....# #
.....YY......###...#####
#.YYw@......##.....#..
###.Y†.....###........
#.###.....#P#....#... #
#.....=...........
.....).......##.....
...[...##.######.....
........### ##....
......... #.... .......
###..


You could see Gastronok and 5 yaks.

Vanquished Creatures
  2 unseen horrors (D:10)
  A hill giant (D:10)
  An ugly thing (D:10)
  A rime drake (Lair:1)
  2 gargoyles
  A komodo dragon (Lair:1)
  A two-headed ogre (D:9)
  4 yaks (Lair:1)
  A basilisk (D:10)
  A human (D:7)
  2 hungry ghosts
  Menkaure (D:7)
  A water moccasin (D:10)
  2 porcupines
  3 orc warriors
  2 black bears
  2 ice beasts
  3 sky beasts
  A phantom (D:8)
  2 ogres (D:10)
  4 centaurs
  A crocodile (D:10)
  4 giant frogs
  2 scorpions
  9 killer bees
  A howler monkey (D:6)
  2 centaur zombies
  3 crimson imps
  A giant frog zombie (D:5)
  A giant frog skeleton (D:9)
  2 hounds
  2 jellies
  A gnoll shaman (D:10)
  9 orc priests
  2 centaur skeletons
  8 orc wizards
  7 iguanas
  7 worker ants
  4 sheep (D:7)
  A hound zombie (D:6)
  4 hound skeletons
  2 worker ant zombies
  9 gnolls
  A howler monkey skeleton (D:4)
  10 river rats (Lair:1)
  6 adders
  4 shadow imps
  An ooze (D:6)
  An adder zombie (D:8)
  An adder skeleton (D:7)
  2 worms
  5 dart slugs
  10 giant geckos
  28 orcs
  6 bats
  3 giant cockroaches
  5 hobgoblins
  7 jackals
  2 quokkas
  2 ball pythons
  3 giant gecko skeletons
  6 giant newts
  6 goblins
  A jackal skeleton (D:8)
  A jackal zombie (D:5)
  5 kobolds
  6 rats
  A plant (D:10)
243 creatures vanquished.

Vanquished Creatures (others)
  A plant (D:10)
1 creature vanquished.

Grand Total: 244 creatures vanquished

Notes
Turn   | Place    | Note
--------------------------------------------------------------
     0 | D:1      | gorblad the Minotaur Fighter began the quest for the Orb.
     0 | D:1      | Reached XP level 1. HP: 19/19 MP: 0/0
    36 | D:1      | You fall through a shaft!
   341 | D:2      | Reached XP level 2. HP: 25/27 MP: 1/1
  1385 | D:3      | Reached skill level 1 in Dodging
  1385 | D:3      | Reached XP level 3. HP: 24/33 MP: 2/2
  1444 | D:3      | Reached XP level 4. HP: 35/40 MP: 3/3
  1640 | D:3      | Noticed a sky beast
  1652 | D:3      | Killed a sky beast
  1652 | D:3      | Reached XP level 5. HP: 28/47 MP: 4/4
  1801 | D:3      | Reached skill level 5 in Fighting
  1801 | D:3      | Reached XP level 6. HP: 53/56 MP: 5/5
  2697 | D:3      | Reached skill level 10 in Dodging
  2697 | D:3      | Reached XP level 7. HP: 61/61 MP: 6/6
  3344 | D:5      | Entered Level 5 of the Dungeon
  3396 | D:5      | Found an oddly glowing altar of Pakellas.
  3396 | D:5      | Found a radiant altar of Vehumet.
  3905 | D:5      | Reached XP level 8. HP: 65/68 MP: 7/7
  4080 | D:5      | Found a blossoming altar of Fedhas.
  4317 | D:6      | Found a snail-covered altar of Cheibriados.
  4815 | D:7      | Noticed Menkaure
  4821 | D:7      | Killed Menkaure
  4845 | D:7      | Reached skill level 5 in Axes
  4901 | D:7      | Reached XP level 9. HP: 75/75 MP: 8/8
  5138 | D:7      | Found a shattered altar of Ashenzari.
  5155 | D:7      | Found Ypoa's Magic Scroll Shoppe.
  5162 | D:7      | Bought a scroll of enchant weapon for 90 gold pieces
  5162 | D:7      | Bought a scroll of identify for 24 gold pieces
  5162 | D:7      | Bought a scroll of identify for 24 gold pieces
  5162 | D:7      | Bought a scroll of identify for 24 gold pieces
  5280 | D:7      | Found a staircase to the Ecumenical Temple.
  5978 | D:8      | Found Xaets's Antique Armour Shoppe.
  6603 | D:8      | Bought a scorched cloak for 247 gold pieces
  6608 | D:8      | Identified the cursed +0 cloak "Xuesass" {rC- rCorr Str-2 Stlth+} (You bought it in a shop on level 8 of the Dungeon)
  6623 | D:8      | Identified a scroll of acquirement
  6640 | D:9      | Reached skill level 10 in Shields
  6644 | D:9      | Reached skill level 10 in Armour
  6900 | D:9      | Found an oddly glowing altar of Pakellas.
  6900 | D:9      | Noticed a cyan ugly thing
  6964 | D:9      | Noticed a gargoyle
  6972 | D:9      | Killed a gargoyle
  6972 | D:9      | Reached XP level 10. HP: 75/86 MP: 9/9
  7026 | D:9      | Found an iron altar of Okawaru.
  7140 | D:9      | Found a burning altar of Makhleb.
  7141 | D:9      | Found a shimmering altar of Xom.
  7662 | D:10     | Entered Level 10 of the Dungeon
  7691 | D:10     | Found a staircase to the Lair.
  7695 | D:10     | Noticed a gargoyle
  7701 | D:10     | Killed a gargoyle
  8010 | D:10     | Noticed a hill giant
  8021 | D:10     | Killed a hill giant
  8545 | D:10     | Noticed a red ugly thing
  8570 | D:10     | Killed a red ugly thing
  8783 | D:10     | Killed an unseen horror
  9170 | D:10     | Killed an unseen horror
  9170 | D:10     | Reached XP level 11. HP: 27/94 MP: 10/10
  9603 | Lair:1   | Entered Level 1 of the Lair of Beasts
  9867 | Lair:1   | Noticed Gastronok
  9886 | Lair:1   | Killed from afar by Gastronok

Vault maps used:
D:1:      dpeg_arrival_pits, feat_on_display
D:3:      minmay_misc_feat_iff
D:4:      first_bread, kennysheep_doodads
D:5:      amethyst_overflow_temple_binary, fedhas_altar_3
D:6:      lemuel_doored_altar
D:7:      nicolae_overflow_crystal_walls, minmay_temple_entry_nine_rooms,
          serial_shops, nicolae_shop_competitors_out_of_business,
          grunt_livestock, uniq_menkaure
D:8:      serial_shops, shop_statue
D:9:      grunt_temple_overflow_champion_of_chaos,
          nicolae_overflow_hidden_temple, orc_0_dummy,
          gammafunk_pakellas_cloud_experiment
D:10:     lair_0_dummy, minmay_lizard_king
Lair:1:   st_stairs_6, uniq_gastronok, uniq_nergalle

Skill      XL: |  1  2  3  4  5  6  7  8  9 10 11 |
---------------+----------------------------------+-----
Fighting       | 4 5 7 8 |  8.5
Axes           | 3 4 5 6 7 |  7.8
Armour         | 4 9 10 11 | 11.1
Dodging        | 1 2 10 11 | 11.5
Shields        | 4 9 10 11 | 11.0

Action                   |  1- 3 |  4- 6 |  7- 9 | 10-12 || total
-------------------------+-------+-------+-------+-------++-------
Melee: War axe           |    73 |    86 |   382 |   288 ||   829
  Use: Scroll            |     9 |     4 |    19 |       ||    32
       Potion            |       |     1 |     4 |     6 ||    11
  Eat: Chunk             |     2 |     4 |    21 |     3 ||    30
       Pizza             |       |       |       |     1 ||     1
       Beef jerky        |       |       |       |     1 ||     1
       Bread ration      |       |       |       |     1 ||     1
